 Dungeon Crawl Stone Soup version 0.32-a0-18-g89e19f1974 (webtiles) character file.

Game seed: 5138016153727171983

38 p00ps00p the Trooper (level 3, -6/33 HPs)
             Began as a Hill Orc Fighter on Jan 17, 2024.
             Mangled by a gnoll
             ... wielding a +0 halberd
              (10 damage)
             ... on level 2 of the Dungeon.
             The game lasted 00:00:50 (773 turns).

p00ps00p the Trooper (Hill Orc Fighter)              Turns: 773, Time: 00:00:50

Health: -6/33      AC:  7    Str: 20    XL:     3   Next: 43%
Magic:  3/3        EV:  9    Int:  8    God:
Gold:   55         SH:  4    Dex: 10    Spells: 2/2 levels left

rFire   . . .        a - +3 war axe
rCold   . . .        c - +0 buckler
rNeg    . . .        b - +0 scale mail
rPois   .            (no helmet)
rElec   .            (no cloak)
rCorr   .            (no gloves)
SInv    .            (no boots)
Will    .....        (no amulet) Stlth
                     (no ring)
HPRegen 0.25/turn    (no ring)
MPRegen 0.08/turn

%: no passive effects
@: no status effects
A: no striking features
a: no special abilities


You were on level 2 of the Dungeon.
You visited 1 branch of the dungeon, and saw 2 of its levels.

You collected 55 gold pieces.

Inventory:

Hand Weapons
 a - a +3 war axe (weapon)
Armour
 b - a +0 scale mail (worn)
 c - a +0 buckler (worn)
Scrolls
 g - a scroll of poison
Potions
 d - a potion of might
 f - a potion of attraction {unknown}
 h - a potion of lignification {unknown}


   Skills:
 + Level 4.1 Fighting
 + Level 3.4 Axes
 + Level 3.7 Armour
 + Level 3.7 Shields


You had 2 spell levels left.
You didn't know any spells.
Your spell library contained the following spells:

 Spells                   Type           Power      Damage    Failure   Level
 Jinxbite                 Hex            0%         N/A       92%         2
 Call Canine Familiar     Summ           0%         N/A       99%         3
 Sigil of Binding         Hex            0%         N/A       99%         3
 Dimensional Bullseye     Hex/Tloc       0%         N/A       100%        4
 Yara's Violent Unravell  Hex/Alch       0%         3d3       100%        5
 Enfeeble                 Hex            0%         N/A       100%        7


Dungeon Overview and Level Annotations

Branches:
Dungeon (2/15)

Altars:


Message History

A gnoll is wielding a +0 halberd and quivering 2 throwing nets.
Found a ring mail.
The gnoll shouts! x2; The adder hisses angrily.
The hobgoblin shouts!
The adder barely misses you.
You miss the adder. The bat hits you but does no damage.
The adder bites you but does no damage. The adder completely misses you.
You miss the adder. You hit the bat.
You kill the bat!
You block the adder's attack.
The gnoll hits you from afar with a +0 halberd.
You miss the adder. The adder bites you but does no damage.
The gnoll hits you from afar with a +0 halberd.
You block the gnoll's attack. The adder barely misses you.
You closely miss the adder.
The gnoll hits you from afar with a +0 halberd.
The gnoll throws a throwing net.
The throwing net hits you.
You become entangled in the net!
The adder bites you. The gnoll hits you but does no damage.
The gnoll completely misses you. The adder closely misses you.
You are held in a net!
You are held in a net!
Unknown command.
Unknown command.
You tear a large gash into the net.
The adder bites you but does no damage.
The hobgoblin hits you but does no damage.
The gnoll hits you but does no damage. The gnoll hits you with a +0 club.
The gnoll hits you from afar with a +0 halberd!
* * * LOW HITPOINT WARNING * * *
You struggle against the net.
The adder bites you but does no damage.
The hobgoblin hits you but does no damage.
The gnoll hits you but does no damage.
The gnoll hits you from afar with a +0 halberd.
* * * LOW HITPOINT WARNING * * *
The gnoll barely misses you.
Unknown command.
You rip the net and break free!
You block the adder's attack. The hobgoblin hits you.
* * * LOW HITPOINT WARNING * * *
The gnoll hits you from afar with a +0 halberd!
You die...

### ... #..
#.# # #.#
#.# #.#
....
#.###.....
#<#Sg.....
#.@gg.....
#g#"......
...###..?..
...... ...[
#.###.# ##.
# #.# #.#
#.


You could see 3 gnolls, an adder and a hobgoblin.

Vanquished Creatures
  A dart slug (D:1)
  3 endoplasms (D:1)
  A goblin (D:1)
  3 hobgoblins (D:1)
  10 jackals (D:1)
  A kobold (D:1)
  A quokka (D:1)
  6 ball pythons (D:1)
  2 bats
  3 rats (D:1)
31 creatures vanquished.

Notes
Turn   | Place    | Note
-------+----------+-------------------------------------------
     0 | D:1      | p00ps00p the Hill Orc Fighter began the quest for the Orb.
     0 | D:1      | Reached XP level 1. HP: 19/19 MP: 1/1
    50 | D:1      | Reached XP level 2. HP: 27/27 MP: 2/2
   216 | D:1      | Reached skill level 4 in Fighting
   216 | D:1      | Reached XP level 3. HP: 33/33 MP: 3/3
   773 | D:2      | Mangled by a gnoll

Illustrated notes

Levels and vault maps discovered:
D:1:      minmay_arrival_four_houses, layout_rooms
D:2:      layout_loops_ring, uniq_terence

Skill      XL: |  1  2 |
---------------+-------+-----
Axes           | 3 |  3.4
Fighting       | 4 |  4.1
Armour         | |  3.7
Shields        | |  3.7

Action                     || total
---------------------------++-------
  Melee: War axe           ||    61
    Use: Scroll            ||     5
 Armour: Scale mail        ||    59
  Dodge: Dodged            ||    32
  Block: Buckler           ||    18

Table legend: (Time is in decaauts)
 A = Elapsed time spent in this place.
 B = Non-inter-level travel time spent in this place.
 C = Inter-level travel time spent in this place.
 D = Time resting spent in this place.
 E = Time spent auto-exploring this place.
 F = Levels seen in this place.
 G = Mean time per level.
                   A        B        C        D        E       F      G
               +--------+--------+--------+--------+--------+-----+--------+
         Total |    795 |    781 |     14 |    202 |    430 |   2 |  397.5 |
       Dungeon |    795 |    781 |     14 |    202 |    430 |   2 |  397.5 |
               +--------+--------+--------+--------+--------+-----+--------+

Top non-repeatable levels by time:
     D:1: 786 daAuts
     D:2: 8 daAuts
